[Event "Titled Tuesday Blitz February 28 Late 2023"]
[White "Roberson, Peter T"]
[Black "Bulgurlu, Okan"]
[WhiteFideId "412384"]
[BlackFideId "6352316"]
[WhiteElo "2346"]
[BlackElo "2321"]
[Result "1-0"]
[Round "02"]
[TimeControl "180+2"]
[Date "2023.02.28"]
[WhiteClock "0:00:27"]
[BlackClock "0:00:21"]

1. d4 d5 2. Bf4 e6 3. e3 Nf6 4. Bd3 c5 5. Nd2 Nc6 6. Ngf3 cxd4 7. exd4 Be7 8. c3 O-O 9. O-O b6 10. Re1 Bb7 11. Qe2 Nh5 12. Be3 g6 13. Ne5 Bg5 14. Ndf3 Nf4 15. Qd2 Nxd3 16. Bxg5 f6 17. Nxd3 fxg5 18. Nxg5 Bc8 19. h4 Qf6 20. Re3 h6 21. Rf3 Qg7 22. Rxf8+ Qxf8 23. Nf3 Ba6 24. Nde5 Nxe5 25. Nxe5 Kg7 26. Re1 Qf6 27. g3 h5 28. Qg5 Qxg5 29. hxg5 Rf8 30. f4 h4 31. Kf2 hxg3+ 32. Kxg3 Rh8 33. Nf3 Kf7 34. Kg2 Kg7 35. Rh1 Rf8 36. Kg3 Bd3 37. Ne5 Be4 38. Rh2 a6 39. Ng4 b5 40. Nf6 Rh8 41. Rxh8 Kxh8 42. Nxe4 dxe4 43. Kf2 Kg7 44. Ke3 Kf7 45. Kxe4 1-0


[Site "https://www.chess.com"]

[Event "Titled Tuesday Blitz February 28 Late 2023"]
[White "Liu, Casper"]
[Black "Kokoszczynski, Jan"]
[WhiteFideId "1454153"]
[BlackFideId "1174460"]
[WhiteElo "2221"]
[BlackElo "2139"]
[Result "0-1"]
[Round "02"]
[TimeControl "180+2"]
[Date "2023.02.28"]
[WhiteClock "0:01:44"]
[BlackClock "0:01:12"]

1. d4 d5 2. c4 c6 3. Nc3 Nf6 4. Nf3 e6 5. Bg5 h6 6. Bh4 dxc4 7. e4 g5 8. Nxg5 hxg5 9. Bxg5 Be7 10. Bxc4 Qa5 11. h4 Nbd7 12. Qf3 b5 13. e5 Nd5 14. Bxd5 cxd5 15. Bxe7 Kxe7 16. h5 b4 17. Ne2 Ba6 18. h6 Bxe2 19. Qxe2 b3+ 20. Kf1 bxa2 21. b3 Qc3 22. Rxa2 Qxb3 23. g3 Qc4 24. h7 Qxe2+ 25. Kxe2 Nf8 0-1


[Site "https://www.chess.com"]

[Event "Titled Tuesday Blitz February 28 Late 2023"]
[White "Martinez Reyes, Pedro Ramon"]
[Black "Melikhov, Evgeny V."]
[WhiteFideId "3901807"]
[BlackFideId "4122046"]
[WhiteElo "2340"]
[BlackElo "2158"]
[Result "1-0"]
[Round "02"]
[TimeControl "180+2"]
[Date "2023.02.28"]
[WhiteClock "0:01:30"]
[BlackClock "0:00:27"]

1. d4 Nf6 2. c4 e6 3. Bf4 d5 4. e3 dxc4 5. Bxc4 Bd6 6. Ne2 Nc6 7. Nbc3 O-O 8. O-O e5 9. dxe5 Nxe5 10. Bb3 c6 11. Ng3 Ng6 12. Bxd6 Re8 13. e4 Qb6 14. Na4 Qa5 15. Qe1 Qg5 16. f4 Qh4 17. f5 Ng4 18. h3 N6e5 19. Bxe5 Nxe5 20. Qf2 b6 21. Qf4 Qf6 22. Rfd1 Ba6 23. Nh5 Qe7 24. f6 Qb4 25. fxg7 Nd3 26. Rxd3 1-0


[Site "https://www.chess.com"]

[Event "Titled Tuesday Blitz February 28 Late 2023"]
[White "Itkis, Boris"]
[Black "Sanchez Alvares, Kelvin Antonio"]
[WhiteFideId "1209167"]
[BlackFideId "3906680"]
[WhiteElo "2216"]
[BlackElo "2217"]
[Result "1/2-1/2"]
[Round "02"]
[TimeControl "180+2"]
[Date "2023.02.28"]
[WhiteClock "0:00:15"]
[BlackClock "0:00:10"]

1. c4 c5 2. Nc3 g6 3. e3 Bg7 4. d4 Nf6 5. d5 O-O 6. Nf3 d6 7. Bd3 e6 8. e4 exd5 9. exd5 Re8+ 10. Ne2 Bg4 11. Nd2 Bxe2 12. Bxe2 b5 13. O-O Nbd7 14. cxb5 Nb6 15. Bf3 a6 16. Qb3 axb5 17. Qxb5 Nbxd5 18. Nc4 Rb8 19. Qc6 Nb6 20. Nxd6 Re6 21. Bf4 Nc4 22. Rad1 Nxd6 23. Rxd6 Rxd6 24. Bxd6 Rxb2 25. a4 Rb6 26. Bc7 Rxc6 27. Bxd8 Rd6 28. Be7 Ra6 29. Rd1 h5 30. Rd8+ Kh7 31. Ra8 Rb6 32. h3 Rb1+ 33. Kh2 c4 34. a5 Ng8 35. Bg5 Be5+ 36. g3 f6 37. Be3 h4 38. Kg2 hxg3 39. fxg3 Rb2+ 40. Kf1 c3 41. a6 c2 42. a7 Rb1+ 43. Ke2 Ra1 44. Rxg8 Kxg8 45. a8=Q+ Rxa8 46. Bxa8 Bb2 47. Bd5+ Kg7 48. Kf3 c1=Q 49. Bxc1 Bxc1 50. Be4 Bb2 51. Bc2 Be5 52. h4 Bd6 53. g4 Be5 54. h5 gxh5 55. gxh5 Kh6 56. Bg6 Kg5 57. Ke2 Kh6 58. Kf3 Bd4 59. Kg4 Be5 60. Kf5 Bb2 61. Ke6 Ba1 62. Kf5 Bb2 63. Be8 Ba1 64. Bg6 Bb2 1/2-1/2


[Site "https://www.chess.com"]

[Event "Titled Tuesday Blitz February 28 Late 2023"]
[White "Todev, Simeon"]
[Black "Urbina Perez, Juan Antonio"]
[WhiteFideId "2925133"]
[BlackFideId "2217368"]
[WhiteElo "1938"]
[BlackElo "2197"]
[Result "0-1"]
[Round "02"]
[TimeControl "180+2"]
[Date "2023.02.28"]
[WhiteClock "0:00:01"]
[BlackClock "0:00:15"]

1. e4 e6 2. d4 d5 3. Nc3 Bb4 4. e5 Ne7 5. Qg4 Ng6 6. h4 h5 7. Qg3 Nc6 8. Be3 Nce7 9. Bd3 Qd7 10. Nh3 Bxc3+ 11. bxc3 Qc6 12. Bd2 b6 13. a4 Bd7 14. Nf4 Nxf4 15. Qxf4 Qb7 16. Rh3 Nf5 17. Bxf5 exf5 18. Rg3 g6 19. Qg5 Be6 20. Qf6 Kd7 21. c4 dxc4 22. O-O-O Qd5 23. Bg5 Kc6 24. Rc3 Kb7 25. f3 a5 26. Qe7 Rhe8 27. Qa3 Ka6 28. Qb2 Bd7 29. Qa2 Be6 30. Be3 Red8 31. Qb2 Qc6 32. Qa2 Bd5 33. Bg5 Re8 34. Bf4 Re6 35. Kd2 Rae8 36. Rb1 f6 37. Rb5 fxe5 38. Bxe5 Rd8 39. Ke3 Rd7 40. Qb2 Re8 41. Kf2 Qe6 42. Re3 Qf7 43. Bf4 Bc6 44. Rbe5 Rxe5 45. Rxe5 Re7 46. Qc3 Rxe5 47. Bxe5 Qd5 48. Qe3 Kb7 49. Qg5 Qe6 50. c3 Bxa4 51. Qd8 Bc6 52. Bf4 Qd7 53. Qf6 a4 0-1


[Site "https://www.chess.com"]

[Event "Titled Tuesday Blitz February 28 Late 2023"]
[White "Prieto Aranguren, Alain"]
[Black "Lawson, Eric"]
[WhiteFideId "2268906"]
[BlackFideId "2604116"]
[WhiteElo "2209"]
[BlackElo "2504"]
[Result "0-1"]
[Round "02"]
[TimeControl "180+2"]
[Date "2023.02.28"]
[WhiteClock "0:02:18"]
[BlackClock "0:02:13"]

1. d4 d5 2. c4 c6 3. cxd5 cxd5 4. Nf3 Nf6 5. Nc3 Nc6 6. Bf4 Bf5 7. e3 e6 8. Bd3 Bg6 9. O-O Bd6 10. Ne5 Bxe5 11. dxe5 Nd7 12. Bxg6 hxg6 13. e4 d4 14. Nb5 Ndxe5 15. Bxe5 Nxe5 16. Qxd4 Qxd4 17. Nxd4 O-O-O 18. Rfd1 Rd7 19. f4 Rhd8 20. Rac1+ Nc6 0-1


[Site "https://www.chess.com"]

[Event "Titled Tuesday Blitz February 28 Late 2023"]
[White "Skaric, Djuro"]
[Black "ArchibaldCerveza29"]
[WhiteFideId "934569"]
[WhiteElo "2282"]
[BlackElo "2500"]
[Result "0-1"]
[Round "02"]
[TimeControl "180+2"]
[Date "2023.02.28"]
[WhiteClock "0:01:42"]
[BlackClock "0:00:42"]

1. g3 d5 2. Bg2 Nf6 3. d3 c5 4. Nf3 Nc6 5. O-O e6 6. h3 Be7 7. Nc3 O-O 8. e4 a6 9. g4 b5 10. g5 Ne8 11. exd5 exd5 12. h4 Nc7 13. Bf4 Bd6 14. Qd2 Ra7 15. Rfe1 Bxf4 16. Qxf4 Ne6 17. Qg3 Re7 18. Ne5 Nxe5 19. Qxe5 d4 20. Nd5 Rd7 21. Nb6 Qxb6 22. h5 Qd6 23. Qf5 Nf4 24. g6 fxg6 25. Qg5 Nxg2 26. Qxg2 Bb7 27. Qh3 Rdf7 28. Re2 gxh5 29. Rae1 Rf3 30. Qxh5 Rg3+ 0-1


[Site "https://www.chess.com"]

[Event "Titled Tuesday Blitz February 28 Late 2023"]
[White "Ladan, Nicholas"]
[Black "Jenkins, Drake"]
[WhiteFideId "30918855"]
[BlackFideId "2022397"]
[WhiteElo "2167"]
[BlackElo "2309"]
[Result "1-0"]
[Round "02"]
[TimeControl "180+2"]
[Date "2023.02.28"]
[WhiteClock "0:00:06"]
[BlackClock "0:00:01"]

1. d4 Nf6 2. g3 c5 3. dxc5 Na6 4. Bg2 Nxc5 5. Nf3 g6 6. O-O Bg7 7. Nc3 O-O 8. Be3 d6 9. h3 a6 10. Qc1 Re8 11. Bh6 Bh8 12. Rd1 Qc7 13. Qf4 Ne6 14. Qh4 Bd7 15. Rac1 Bc6 16. e4 Rac8 17. Nd5 Bxd5 18. exd5 Nf8 19. Nd4 Qa5 20. a3 Rc4 21. b3 Rc7 22. c4 Qxa3 23. Ra1 Qb4 24. Ra4 Qb6 25. Be3 Rd7 26. Rd3 Qc7 27. Qh6 Bg7 28. Qh4 Rdd8 29. Bh6 Bh8 30. g4 Ne6 31. dxe6 d5 32. exf7+ Kxf7 33. g5 1-0


[Site "https://www.chess.com"]

[Event "Titled Tuesday Blitz February 28 Late 2023"]
[White "Grycel, Kamil"]
[Black "Paspuel, Trosky"]
[WhiteFideId "1115499"]
[BlackFideId "3602150"]
[WhiteElo "2498"]
[BlackElo "2305"]
[Result "0-1"]
[Round "02"]
[TimeControl "180+2"]
[Date "2023.02.28"]
[WhiteClock "0:00:52"]
[BlackClock "0:01:09"]

1. b3 e5 2. Bb2 Nc6 3. Nf3 Bd6 4. c4 Nf6 5. d3 O-O 6. e3 e4 7. dxe4 Nxe4 8. Be2 Bb4+ 9. Kf1 Re8 10. Bd3 d5 11. Qc2 Bf5 12. Nc3 Bxc3 13. Bxc3 dxc4 14. bxc4 Ng3+ 15. Kg1 Bxd3 16. Qb2 Ne2+ 0-1


[Site "https://www.chess.com"]

[Event "Titled Tuesday Blitz February 28 Late 2023"]
[White "Romero Ruscalleda, Josep"]
[Black "Cheng, Xiao"]
[WhiteFideId "2231859"]
[BlackFideId "2022915"]
[WhiteElo "2183"]
[BlackElo "2497"]
[Result "0-1"]
[Round "02"]
[TimeControl "180+2"]
[Date "2023.02.28"]
[WhiteClock "0:00:12"]
[BlackClock "0:00:19"]

1. e4 c5 2. c3 Nf6 3. e5 Nd5 4. Nf3 Nc6 5. Bc4 Nb6 6. Bb3 c4 7. Bc2 d5 8. exd6 Qxd6 9. O-O g6 10. Re1 Bg7 11. h3 O-O 12. Qe2 e5 13. b3 Be6 14. Ba3 Qd7 15. Bxf8 Rxf8 16. Na3 cxb3 17. axb3 h6 18. Nc4 Nxc4 19. bxc4 f5 20. d4 e4 21. Nd2 Bf7 22. Ba4 Qc7 23. Bxc6 bxc6 24. c5 Bd5 25. Nc4 f4 26. Nd6 f3 27. Qe3 fxg2 28. Nxe4 Qd7 29. Qg3 Qf5 30. Nd6 Qc2 31. Rxa7 Qd2 32. Qe3 Qc2 33. Re7 Rf3 34. Rxg7+ Kxg7 35. Qe7+ Bf7 36. Qe5+ Kh7 37. Qe2 Qxc3 38. Nxf7 Rxf7 39. Qe3 Qc4 40. Kxg2 Rd7 41. Rd1 Qd5+ 42. Qf3 Kg7 43. Qxd5 Rxd5 44. Kf3 Kf6 45. Ke4 Rh5 46. Rd3 Rh4+ 47. Ke3 Rxh3+ 48. Kd2 Rh2 49. Rf3+ Ke6 50. Kc3 g5 51. Kc4 g4 52. Rf8 h5 53. Re8+ Kd7 54. Rf8 h4 55. d5 cxd5+ 56. Kxd5 g3 57. c6+ Ke7 58. c7 Kxf8 59. c8=Q+ Kf7 60. Qd7+ Kg6 61. Qe6+ Kg5 62. Qe5+ Kg4 63. Qe4+ Kh3 64. f4 Rd2+ 65. Kc4 Rf2 66. f5 Kh2 67. Qe5 h3 68. f6 Kg2 69. Qe4+ Kg1 70. Qe3 Kg2 71. Qe4+ Kg1 72. Qd4 h2 73. f7 h1=Q 74. f8=Q Qc6+ 75. Kd3 Qb5+ 76. Ke3 Qe2# 0-1


[Site "https://www.chess.com"]

[Event "Titled Tuesday Blitz February 28 Late 2023"]
[White "MunichMouse"]
[Black "Nilsen, Tobias Lang"]
[BlackFideId "1521624"]
[WhiteElo "2302"]
[BlackElo "2195"]
[Result "0-1"]
[Round "02"]
[TimeControl "180+2"]
[Date "2023.02.28"]
[WhiteClock "0:01:05"]
[BlackClock "0:00:50"]

1. d4 d5 2. c4 e6 3. Nf3 c6 4. e3 f5 5. Nc3 Nf6 6. Ne5 Bd6 7. f4 Nbd7 8. b3 O-O 9. Be2 Qe8 10. O-O Ne4 11. Nxe4 fxe4 12. Nxd7 Bxd7 13. Bg4 Qg6 14. Bd2 Rad8 15. c5 Bc7 16. b4 Be8 17. a4 h5 18. Be2 h4 19. b5 Qh6 20. bxc6 Bxc6 21. Bb5 g5 22. Qg4 Rf5 23. Rab1 Rd7 24. Bxc6 bxc6 25. Rb7 Rg7 26. Rxa7 gxf4 27. Qh3 f3 28. Rxc7 Rxc7 29. gxf3 Rg7+ 30. Kh1 Rxf3 31. Rxf3 exf3 32. Qxf3 Qg6 33. Qf1 Qe4+ 0-1


[Site "https://www.chess.com"]

[Event "Titled Tuesday Blitz February 28 Late 2023"]
[White "Bilan, Danila"]
[Black "Awoki, Daniel Teidi"]
[WhiteFideId "24161918"]
[BlackFideId "2100827"]
[WhiteElo "2182"]
[BlackElo "2083"]
[Result "1-0"]
[Round "02"]
[TimeControl "180+2"]
[Date "2023.02.28"]
[WhiteClock "0:00:24"]
[BlackClock "0:01:12"]

1. d4 Nf6 2. Nf3 e6 3. g3 d5 4. Bg2 Be7 5. O-O O-O 6. c4 dxc4 7. Qc2 a6 8. Qxc4 b5 9. Qc2 Bb7 10. Bf4 Nd5 11. Ne5 Nd7 12. Nc6 Bxc6 13. Qxc6 Nxf4 14. gxf4 Nb6 15. e3 Rc8 16. Nc3 Qd6 17. Rac1 Nc4 18. b3 Na5 19. Qf3 c5 20. Ne4 Qb6 21. dxc5 Bxc5 22. Qh5 Ba3 23. Rxc8 Rxc8 24. Ng5 h6 25. Qxf7+ Kh8 26. Nxe6 Qb7 27. Bxb7 1-0


[Site "https://www.chess.com"]

[Event "Titled Tuesday Blitz February 28 Late 2023"]
[White "Lopez Del Alamo, Antonio"]
[Black "Molenda, Marcin"]
[WhiteFideId "2227339"]
[BlackFideId "1173065"]
[WhiteElo "2175"]
[BlackElo "2286"]
[Result "1-0"]
[Round "02"]
[TimeControl "180+2"]
[Date "2023.02.28"]
[WhiteClock "0:00:05"]
[BlackClock "0:00:04"]

1. e4 c5 2. Nf3 d6 3. d4 cxd4 4. Nxd4 Nf6 5. Nc3 a6 6. Be2 e5 7. Nb3 Be6 8. Be3 Be7 9. Nd5 Nxd5 10. exd5 Bf5 11. c4 a5 12. Rc1 O-O 13. O-O a4 14. Na1 Nd7 15. Nc2 Bg6 16. Qd2 f5 17. f4 b6 18. Nb4 Bf6 19. Rfe1 Nc5 20. Nc6 Qc7 21. Qc2 Rf7 22. b4 axb3 23. axb3 Rff8 24. Bf1 Bh5 25. Bxc5 bxc5 26. fxe5 Bg5 27. e6 Be8 28. Rcd1 Bh4 29. g3 Bf6 30. Bg2 Bh5 31. Rf1 g6 32. Rde1 Ra3 33. h3 Rfa8 34. g4 Ra2 35. Qd3 Bh4 36. gxh5 Bxe1 37. Rxe1 Ra1 38. Qe2 Qg7 39. Kh2 gxh5 40. Rxa1 Qxa1 41. e7 Re8 42. Qe6+ Kh8 43. Qxf5 h4 44. Be4 Qg7 45. Qg4 Qb2+ 46. Bg2 Rg8 47. Qf3 Qg7 48. Nd8 Qxe7 49. Ne6 Re8 50. Qc3+ Kg8 51. Qg3+ Kh8 52. Qg4 Qf7 53. Qe2 Kg8 54. Be4 Qf6 55. Qf3 Qxf3 56. Bxf3 Kf7 57. Bh5+ Ke7 58. Bxe8 Kxe8 59. Ng5 h6 60. Nf3 Ke7 61. Nxh4 1-0


[Site "https://www.chess.com"]

[Event "Titled Tuesday Blitz February 28 Late 2023"]
[White "Balla, Tamas-Kristof"]
[Black "Guimaraes, Wagner Peixoto"]
[WhiteFideId "1208497"]
[BlackFideId "2100940"]
[WhiteElo "2334"]
[BlackElo "2185"]
[Result "1-0"]
[Round "02"]
[TimeControl "180+2"]
[Date "2023.02.28"]
[WhiteClock "0:00:02"]
[BlackClock "0:00:09"]

1. e4 c5 2. Nf3 d6 3. d4 cxd4 4. Qxd4 a6 5. c4 Nc6 6. Qe3 g6 7. Nc3 Bh6 8. Qd3 Bg7 9. Be2 Bg4 10. O-O Bxf3 11. Bxf3 Nf6 12. b3 Ne5 13. Qe2 O-O 14. Bb2 Rc8 15. Rad1 Qa5 16. a3 b5 17. cxb5 Rxc3 18. b4 Nxf3+ 19. gxf3 Qc7 20. Bxc3 Qxc3 21. bxa6 Nh5 22. Qd3 Qf6 23. Kh1 Nf4 24. Qe3 Bh6 25. a7 Qh4 26. Rg1 Nh5 27. Qb6 Bf4 28. Rg2 Qh3 29. Qb7 Qxf3 30. Rg1 Bxh2 31. a8=Q Bxg1 32. Qxf8+ Kxf8 33. Kxg1 Nf4 34. Rg3 Qxe4 35. Qxe4 1-0


[Site "https://www.chess.com"]

[Event "Titled Tuesday Blitz February 28 Late 2023"]
[White "Kaufman, Raymond"]
[Black "Prydun, Andriy"]
[WhiteFideId "2015056"]
[BlackFideId "14145898"]
[WhiteElo "2321"]
[BlackElo "2164"]
[Result "0-1"]
[Round "02"]
[TimeControl "180+2"]
[Date "2023.02.28"]
[WhiteClock "0:00:39"]
[BlackClock "0:01:55"]

1. d4 Nf6 2. c4 e6 3. Nf3 d5 4. Nc3 Be7 5. g3 O-O 6. Bg2 Nbd7 7. O-O c6 8. Qd3 b6 9. Rd1 a5 10. h4 Ba6 11. b3 a4 12. Ne5 axb3 13. axb3 Bxc4 14. Rxa8 Qxa8 15. bxc4 Nxe5 16. dxe5 Nd7 17. cxd5 cxd5 18. Bf4 Rc8 19. Nb5 Nc5 20. Qe3 Qa4 21. Nd6 Qxd1+ 22. Kh2 Rf8 23. h5 Qb3 24. Qd2 Ne4 25. Bxe4 dxe4 26. h6 Qd5 27. hxg7 Rd8 28. Qb4 Bxd6 29. exd6 e5 30. Qxb6 Qxd6 31. Qxd6 Rxd6 32. Bxe5 Rh6+ 33. Kg2 f6 34. Bd4 Kxg7 35. f3 exf3+ 36. exf3 Rg6 37. g4 Kf7 38. Kg3 f5 39. Kf4 fxg4 40. fxg4 Ke6 41. g5 Rg8 42. Bf6 Ra8 43. Kg4 Kf7 44. Be5 Kg6 45. Bf6 Ra4+ 46. Kg3 Kf5 47. Kf2 Ra3 48. Kg2 Rb3 49. Kh2 Kg4 50. Kg2 Rd3 51. Kf2 h5 52. gxh6 Rf3+ 53. Kg2 Rxf6 0-1


[Site "https://www.chess.com"]

[Event "Titled Tuesday Blitz February 28 Late 2023"]
[White "Tsyhanchuk, Stanislav"]
[Black "Petukhov, Dmitry"]
[WhiteFideId "13505130"]
[BlackFideId "4142748"]
[WhiteElo "2173"]
[BlackElo "2311"]
[Result "1/2-1/2"]
[Round "02"]
[TimeControl "180+2"]
[Date "2023.02.28"]
[WhiteClock "0:00:12"]
[BlackClock "0:00:20"]

1. c4 e5 2. Nc3 Nf6 3. Nf3 Nc6 4. e4 Bc5 5. Nxe5 Bxf2+ 6. Kxf2 Nxe5 7. d4 Ng6 8. Be2 d6 9. Rf1 O-O 10. Kg1 h6 11. Nd5 Nxe4 12. Bd3 Ng5 13. Bxg5 Qxg5 14. Bxg6 fxg6 15. Rxf8+ Kxf8 16. Nxc7 Rb8 17. Nb5 d5 18. Qf3+ Qf5 19. Rf1 Qxf3 20. Rxf3+ Ke7 21. cxd5 a6 22. d6+ Ke6 23. Re3+ Kd7 24. Re7+ Kc6 25. Na7+ Kxd6 26. Nxc8+ Rxc8 27. Rxb7 Rc2 28. Rb6+ Kd5 29. Rxg6 Rxb2 30. Rxa6 Kxd4 31. h4 Ke5 32. Kh2 Kf5 33. Kh3 h5 34. g3 g6 35. Ra5+ Kf6 36. a4 Ra2 37. Ra6+ Kf5 38. Ra5+ Kf6 39. Ra6+ Kf5 40. Ra7 Kf6 41. a5 Ke6 42. a6 Kf6 43. Ra8 Kg7 44. a7 Kh7 45. g4 Ra3+ 46. Kg2 hxg4 47. Kh2 Kg7 48. Kg2 Kh7 49. Kh2 Kg7 50. Kg2 Kh7 1/2-1/2


[Site "https://www.chess.com"]

[Event "Titled Tuesday Blitz February 28 Late 2023"]
[White "Karamsetty, Jeevan"]
[Black "Senft, Sean"]
[WhiteFideId "2025337"]
[BlackFideId "2044960"]
[WhiteElo "2111"]
[BlackElo "1989"]
[Result "0-1"]
[Round "02"]
[TimeControl "180+2"]
[Date "2023.02.28"]
[WhiteClock "0:00:13"]
[BlackClock "0:00:20"]

1. e4 e5 2. Nf3 Nc6 3. Bc4 Nf6 4. Ng5 d5 5. exd5 Na5 6. Bb5+ c6 7. dxc6 bxc6 8. Be2 h6 9. Nf3 e4 10. Ne5 Bd6 11. d4 exd3 12. Nxd3 O-O 13. O-O Qc7 14. h3 Bf5 15. Nd2 Rad8 16. b3 Ne4 17. Nxe4 Bxe4 18. Bb2 c5 19. c4 Rfe8 20. Qc2 Nc6 21. Rad1 Nd4 22. Bxd4 cxd4 23. Qd2 Qb7 24. f3 Bg6 25. Nf2 Bb4 26. Qf4 Rxe2 27. Rxd4 Rxd4 28. Qxd4 Qb6 29. Qxb6 axb6 30. Ng4 Bc5+ 31. Kh2 Rxa2 32. f4 Be4 33. Re1 Rxg2+ 34. Kh1 Re2# 0-1


[Site "https://www.chess.com"]

[Event "Titled Tuesday Blitz February 28 Late 2023"]
[White "Drnovsek, Gal"]
[Black "Da Silva Junior, Sediney Mari"]
[WhiteFideId "14607077"]
[BlackFideId "2132079"]
[WhiteElo "2293"]
[BlackElo "1977"]
[Result "0-1"]
[Round "02"]
[TimeControl "180+2"]
[Date "2023.02.28"]
[WhiteClock "0:00:08"]
[BlackClock "0:00:10"]

1. e4 e6 2. d4 d5 3. Nd2 c5 4. Ngf3 dxe4 5. Nxe4 Nf6 6. Nxf6+ Qxf6 7. Be3 Nd7 8. Bb5 a6 9. Bxd7+ Bxd7 10. dxc5 Qxb2 11. O-O Bb5 12. Re1 Rd8 13. Bd4 Qa3 14. Re3 Qb4 15. c3 Qc4 16. Ne5 Qd5 17. Qh5 g6 18. Qg5 Be7 19. Qh6 Bf6 20. Rae1 Bxe5 21. Rxe5 Qxa2 22. Rxe6+ fxe6 23. Bxh8 Qe2 24. Qc1 Qd2 25. Rxe6+ Kf7 26. Qe1 Qxe1+ 27. Rxe1 Rxh8 28. f4 Rc8 29. Re5 Bc4 30. Kf2 Rc6 31. Re1 Rxc5 32. Rb1 Bb5 33. Rb3 Bc6 34. Ke3 Kf6 35. g4 h5 36. h3 hxg4 37. hxg4 Rb5 38. Ra3 Rc5 39. Kd4 Rd5+ 40. Ke3 Rc5 41. Kd4 Rb5 42. c4 Rb1 43. Ra5 Rf1 44. g5+ Kf7 45. Ke5 Re1+ 46. Kd6 Re4 47. f5 gxf5 48. Rxf5+ Kg7 49. Ra5 Rxc4 50. Ke5 Rb4 51. Kd6 Rb5 52. Ra3 Rxg5 53. Re3 Rg6+ 54. Kc7 a5 55. Re7+ Kh6 56. Re5 a4 57. Ra5 Rg5 58. Ra8 Rg3 59. Rh8+ Kg7 60. Ra8 a3 61. Kb6 Kf6 62. Kc5 Ke6 63. Kd4 Kd6 64. Rd8+ Kc7 65. Ra8 Kb6 66. Kc4 Rg4+ 67. Kb3 Rg3+ 68. Ka2 Kb5 69. Ra7 Kb4 70. Kb1 b5 71. Ka2 Bd5+ 72. Kb1 Kb3 73. Kc1 a2 74. Kd2 Rg2+ 75. Kd3 Rg1 76. Kd4 a1=Q+ 77. Rxa1 Rxa1 78. Kxd5 Rc1 79. Kd4 Ka3 80. Ke5 b4 81. Kd6 b3 0-1


[Site "https://www.chess.com"]

[Event "Titled Tuesday Blitz February 28 Late 2023"]
[White "Leonte, Sebastian-Marian"]
[Black "Kalajzic, Ivan"]
[WhiteFideId "1268767"]
[BlackFideId "14506378"]
[WhiteElo "2256"]
[BlackElo "2203"]
[Result "0-1"]
[Round "02"]
[TimeControl "180+2"]
[Date "2023.02.28"]
[WhiteClock "0:00:16"]
[BlackClock "0:00:52"]

1. e4 Nc6 2. Nf3 d6 3. d4 Bg4 4. Be2 e5 5. d5 Nce7 6. h3 Bd7 7. c4 Nf6 8. Nc3 g6 9. Be3 Bg7 10. Qd2 O-O 11. g4 a6 12. Bh6 b5 13. Bxg7 Kxg7 14. Qe3 Qb8 15. c5 b4 16. Nd1 Bb5 17. c6 Nfxd5 18. exd5 Nxd5 19. Qd2 Nf4 20. Bxb5 Qxb5 21. Ne3 Qxc6 22. Qd1 Qe4 23. O-O Nxh3+ 24. Kg2 Nf4+ 25. Kg3 f5 26. Ng5 Qb7 27. Rh1 h6 28. Rxh6 Kxh6 29. Qh1+ Qxh1 30. Rxh1+ Kxg5 0-1


[Site "https://www.chess.com"]

[Event "Titled Tuesday Blitz February 28 Late 2023"]
[White "Erzhanov, Arman"]
[Black "Djabri,Massinas"]
[WhiteFideId "4138821"]
[BlackFideId "7905726"]
[WhiteElo "2138"]
[BlackElo "2155"]
[Result "1/2-1/2"]
[Round "02"]
[TimeControl "180+2"]
[Date "2023.02.28"]
[WhiteClock "0:00:22"]
[BlackClock "0:01:01"]

1. e4 c5 2. Nf3 d6 3. Bb5+ Nd7 4. d4 a6 5. Bxd7+ Bxd7 6. O-O cxd4 7. Qxd4 Nf6 8. Nc3 e6 9. Bg5 Be7 10. Rad1 Qa5 11. Bh4 Rd8 12. Nd2 Bb5 13. Rfe1 e5 14. Qa7 Bc6 15. Bxf6 Bxf6 16. a3 O-O 17. Nc4 Qc5 18. Qxc5 dxc5 19. Nb6 Rd4 20. f3 Bd8 21. Nbd5 Ba5 22. Kf2 Rd8 23. Ne7+ Kf8 24. Nxc6 bxc6 25. Ke2 Bxc3 26. bxc3 Rxd1 27. Rxd1 Rxd1 28. Kxd1 c4 29. Kd2 Ke7 30. g3 g5 31. Ke3 f6 32. f4 g4 33. f5 Kd6 34. Kd2 Kc5 35. Kc1 Kb5 36. Kb2 Ka4 37. Ka2 h5 38. Kb2 Kb5 39. Ka2 Kc5 40. Kb2 Kd6 41. Kc1 Ke7 42. Kd2 Kf7 43. Kc1 Kg7 44. Kb2 Kh6 45. Ka2 h4 46. a4 a5 47. Kb2 hxg3 48. hxg3 Kg5 49. Kc1 Kh5 50. Kd2 Kh6 51. Ke2 Kg7 52. Kf2 Kf7 53. Kg2 Ke7 54. Kf2 Kd6 55. Ke2 Kc5 56. Kd2 Kb6 57. Kc1 Kc5 58. Kb2 Kb6 59. Kc1 Kc5 60. Kb2 Kb6 61. Kc1 1/2-1/2


[Site "https://www.chess.com"]

[Event "Titled Tuesday Blitz February 28 Late 2023"]
[White "Ardila, Oscar Humberto"]
[Black "Yeritsyan, Hayk"]
[WhiteFideId "4404742"]
[BlackFideId "13307320"]
[WhiteElo "1946"]
[BlackElo "2481"]
[Result "1-0"]
[Round "02"]
[TimeControl "180+2"]
[Date "2023.02.28"]
[WhiteClock "0:00:07"]
[BlackClock "0:00:02"]

1. d4 d5 2. c4 c6 3. cxd5 cxd5 4. Nc3 Nc6 5. Nf3 Nf6 6. Bf4 Bf5 7. e3 e6 8. Be2 Bd6 9. Bxd6 Qxd6 10. O-O O-O 11. Rc1 Rac8 12. Na4 b6 13. Bb5 Bg4 14. a3 Ne4 15. Be2 Bxf3 16. Bxf3 Nf6 17. Qe2 Na5 18. Qa6 Qd7 19. Rxc8 Rxc8 20. Nc3 Qb7 21. Be2 Qxa6 22. Bxa6 Rc7 23. f3 Kf8 24. Kf2 Nc4 25. Bxc4 Rxc4 26. Ke2 Ke7 27. Kd3 a6 28. b3 Rc7 29. Na4 Rc6 30. Kd2 Nd7 31. Rc1 Kd6 32. e4 dxe4 33. fxe4 b5 34. Rxc6+ Kxc6 35. Nb2 f5 36. Ke3 Nf6 37. e5 Nd5+ 38. Kd2 g5 39. Nd3 a5 40. a4 b4 41. Nb2 Nb6 42. Kd3 Kd5 43. g3 f4 44. gxf4 gxf4 45. h4 f3 46. Nd1 Kc6 47. Ke3 Kd5 48. Kd3 Kc6 49. Ne3 Nd5 50. Nc4 Nf4+ 51. Ke3 Ng2+ 52. Kxf3 Nxh4+ 53. Ke4 Nf5 54. Nxa5+ Kb6 55. Nc4+ Kc6 56. Na5+ Kb6 57. Nc4+ Kc6 58. Nd2 Ne7 59. Nf3 Nd5 60. Ng5 Kd7 61. Nxh7 Nc3+ 62. Kd3 Nd5 63. Kc4 Kc6 64. Nf6 Nc7 65. Ne4 Nd5 66. Nc5 Kb6 67. Nxe6 Ne3+ 68. Kxb4 Nd5+ 69. Kc4 Ne3+ 70. Kd3 Nd5 71. Ke4 Nc3+ 72. Kd3 Nd5 73. Nc5 Kc6 74. Kc4 Ne3+ 75. Kd3 Nd5 76. Kc4 Ne3+ 77. Kc3 Nd5+ 78. Kb2 Ne3 79. b4 Kd5 80. b5 Kxd4 81. Nb3+ Kc4 82. e6 Nd5 83. Nd2+ Kb4 84. Ne4 Kxa4 85. b6 Nxb6 86. e7 Nc4+ 87. Kc3 Nd6 88. Nxd6 1-0


[Site "https://www.chess.com"]

[Event "Titled Tuesday Blitz February 28 Late 2023"]
[White "reevecanada"]
[Black "Escalante Ramirez, Rafael"]
[BlackFideId "3900177"]
[WhiteElo "2481"]
[BlackElo "2236"]
[Result "0-1"]
[Round "02"]
[TimeControl "180+2"]
[Date "2023.02.28"]
[WhiteClock "0:00:16"]
[BlackClock "0:00:04"]

1. e4 c5 2. Nf3 e6 3. b3 d5 4. Bb2 dxe4 5. Ne5 Nf6 6. Be2 Bd6 7. Nc4 Bc7 8. a4 b6 9. O-O Bb7 10. Nc3 Nc6 11. Re1 Nd4 12. Bf1 O-O 13. Nb5 Bb8 14. d3 exd3 15. Bxd3 Qd5 16. f3 a6 17. Nxd4 cxd4 18. Kh1 Qh5 19. h3 b5 20. axb5 axb5 21. Na3 Qh4 22. Kg1 Qg3 23. Bxd4 Qh2+ 24. Kf1 Nh5 25. Nxb5 Rxa1 26. Qxa1 Bxf3 27. Re2 Ng3+ 28. Kf2 Nxe2 29. Bxe2 Qxg2+ 30. Ke3 Qxe2# 0-1


[Site "https://www.chess.com"]